 Dungeon Crawl Stone Soup version 0.31-a0-880-g9a209b2425 (webtiles) character file.

Game seed: 8591028997206070111

3554 BinkBink the Arsonist (level 10, -27/55 (56) HPs)
             Began as an Octopode Fire Elementalist on Oct 15, 2023.
             Was a Follower of Vehumet.
             Killed from afar by a deep elf pyromancer (55 damage)
             ... with a bolt of fire
             ... on level 7 of the Dungeon.
             The game lasted 00:20:10 (8713 turns).

BinkBink the Arsonist (Octopode Fire Elementalist)  Turns: 8713, Time: 00:20:11

HP:   -27/55 (56)   AC:  5    Str:  7    XL:     10   Next: 9%
MP:   21/21         EV: 13    Int: 28    God:    Vehumet [*.....]
Gold: 331           SH:  0    Dex: 13    Spells: 14/24 levels left

rFire   x . .        (no weapon)
rCold   + . .        (no shield)
rNeg    . . .        (helmet restricted)
rPois   .            (no amulet)
rElec   .            h - ring of ice
rCorr   +            q - +6 ring of intelligence
SInv    .            m - ring of resist corrosion
Will    .....        s - +4 ring of protection
Stlth   +++          (no ring)
HPRegen 0.29/turn    (no ring)
MPRegen 0.17/turn    (no ring)
                     (no ring)

%: no passive effects
@: lightly drained
A: almost no armour, amphibious, 8 rings, camouflage 1, gelatinous body 1,
(nimble swimmer 1), tentacles
a: Renounce Religion


You were on level 7 of the Dungeon.
You worshipped Vehumet.
Vehumet was aware of your devotion.
You visited 1 branch of the dungeon, and saw 7 of its levels.

You collected 331 gold pieces.

Inventory:

Jewellery
 h - a ring of ice (left tentacle)
 m - a ring of resist corrosion (on tentacle)
 q - a +6 ring of intelligence (right tentacle)
 s - a +4 ring of protection (on tentacle)
Wands
 o - a wand of digging (1)
 p - a wand of charming (26)
 w - a wand of flame (24)
 A - a wand of mindburst (16)
Scrolls
 c - a scroll of poison {unknown}
 e - a scroll of fog {unknown}
 g - a scroll of identify
 j - 2 scrolls of teleportation
 k - 2 scrolls of blinking {unknown}
 n - a scroll of enchant weapon {unknown}
 r - 2 scrolls of revelation
 t - a scroll of enchant armour {unknown}
 u - a scroll of immolation {unknown}
 v - a scroll of vulnerability {unknown}
 x - a scroll of amnesia {unknown}
 y - 4 scrolls of torment {unknown}
Potions
 a - a potion of magic
 b - 2 potions of brilliance
 d - 2 potions of attraction
 f - 6 potions of curing {unknown}
 i - a potion of degeneration
 l - 3 potions of mutation
 z - a potion of heal wounds {unknown}
 B - a potion of enlightenment {unknown}
 C - a potion of haste {unknown}


   Skills:
 - Level 2.0 Dodging
 - Level 2.6 Stealth
 + Level 7.8 Spellcasting
 + Level 8.1 Conjurations
 + Level 8.7 Fire Magic
 + Level 0.5 Air Magic


You had 14 spell levels left.
You knew the following spells:

 Your Spells              Type           Power      Damage    Failure   Level
a - Foxfire               Conj/Fire      100%       2x1d9     1%          1
b - Scorch                Fire           100%       2d9       1%          2
c - Swiftness             Air            14%        N/A       12%         3
d - Flame Wave            Conj/Fire      55%        2d13      1%          4

Your spell library contained the following spells:

 Spells                   Type           Power      Damage    Failure   Level
 Sandblast                Erth           20%        2d7       4%          1
 Shock                    Conj/Air       100%       1d9       1%          1
 Inner Flame              Hex/Fire       35%        N/A       2%          3
 Volatile Blastmotes      Fire/Tloc      70%        2d15      2%          3
 Lesser Beckoning         Tloc           20%        N/A       8%          2
 Gell's Gravitas          Tloc           10%        N/A       16%         3
 Teleport Other           Tloc           10%        N/A       16%         3
 Airstrike                Air            7%         2d(1-17)  36%         4


Dungeon Overview and Level Annotations

Branches:
Dungeon (7/15)             Temple (0/1) D:6

Altars:
Fedhas
Kikubaaqudgha
Makhleb
Okawaru
Qazlal
Trog
Uskayaw
Vehumet
Wu Jian
Xom


Innate Abilities, Weirdness & Mutations

You cannot wear most types of armour.
You are amphibious.
You can wear up to eight rings at the same time.
Your skin changes colour to match your surroundings (Stealth+).
Your rubbery body absorbs attacks. (AC +1, EV +1)
((You are camouflaged when in or above water. (Stealth+)))
You have tentacles for arms and can constrict up to eight enemies at once.


Message History

Unknown command.
Casting: Scorch (safe; 1% risk of failure)
Confirm with . or Enter, or press ? or * to list all spells.
Flames lash the orc warrior.
The orc warrior is burned terribly!
The orc warrior is severely wounded.
The orc warrior shoots an arrow.
The arrow closely misses you.
Unknown command.
Casting: Scorch (safe; 1% risk of failure)
Confirm with . or Enter, or press ? or * to list all spells.
Flames lash the orc warrior.
The orc warrior is burned terribly!
You kill the orc warrior!
Vehumet accepts your kill.
A shadow imp comes into view.
Unknown command.
The howler monkey hoots and howls with incredible vigour!
The shadow imp gestures at you.
You struggle to resist.
You hear a shout!
The shadow imp gestures at you. Pain shoots through your body!
The deep elf pyromancer gestures wildly while chanting.
Things that are here:
a +0 dagger; a +2 robe of positive energy
There is a stone staircase leading up here.
You climb upwards.
There is a stone staircase leading down here.
Magic restored.
HP restored.
Done exploring.
You climb downwards.
The deep elf pyromancer gestures at you while chanting.
The bolt of fire hits the shadow imp!!
The shadow imp dies!
The bolt of fire hits you!! The fire burns you terribly!
Ouch! That really hurt!
There is a stone staircase leading up here.
The deep elf pyromancer points at you and mumbles some strange words.
The bolt of fire hits you!!! The fire burns you terribly!
Ouch! That really hurt!
You die...

#### ##...## ##.....##
#.......# #.......# #.......#
#############.....#
..................##
...........#....@..#
...........#...[...#
..........##.......#
..........##......###########
..........##....)...........#
.####...........e...........#
#..###.#####.#####.###..#
#..# ##..##...##..#..#..#
....# #...#.###.#..##.#..#


You could see a deep elf pyromancer.

Vanquished Creatures
  A kobold demonologist (D:7)
  A komodo dragon (D:7)
  Grinder (D:5)
  Prince Ribbit (D:7)
  Sigmund (D:3)
  A shadow (D:7)
  A vampire mosquito (D:7)
  Eustachio (D:6)
  Edmund (D:4)
  An orc warrior (D:7)
  A sky beast (D:6)
  2 ogres (D:5)
  A phantom (D:4)
  A kobold brigand (D:7)
  A bullfrog (D:7)
  3 scorpions
  5 wights
  3 killer bees (D:7)
  A howler monkey (D:7)
  A crimson imp (D:5)
  2 hounds
  A gnoll bouda (D:7)
  An orc priest (D:5)
  Crazy Yiuf (D:3)
  A jelly (D:6)
  5 sleepcaps
  Terence (D:2)
  Jessica (D:2)
  Ijyb (D:3)
  Natasha (twice) (D:3)
  3 orc wizards
  Robin (D:2)
  A gnoll (D:7)
  5 adders
  2 river rats (D:5)
  2 shadow imps
  2 white imps
  A worm (D:2)
  A dart slug (D:2)
  9 orcs
  3 bats
  A bat zombie (D:3)
  11 endoplasms
  A giant cockroach (D:1)
  13 goblins
  9 hobgoblins
  2 jackals (D:4)
  10 kobolds
  8 quokkas
  10 ball pythons
  3 frilled lizards
  6 rats
  4 rat zombies (D:3)
153 creatures vanquished.

Vanquished Creatures (collateral kills)
  A foxfire (D:7)
1 creature vanquished.

Vanquished Creatures (others)
  A shadow imp (D:7)
  425 foxfires
426 creatures vanquished.

Grand Total: 580 creatures vanquished

Notes
Turn   | Place    | Note
-------+----------+-------------------------------------------
     0 | D:1      | BinkBink the Octopode Fire Elementalist began the quest for
                  | the Orb.
     0 | D:1      | Reached XP level 1. HP: 11/11 MP: 3/3
   145 | D:1      | Reached XP level 2. HP: 17/17 MP: 1/5
   624 | D:1      | Reached XP level 3. HP: 21/21 MP: 4/6
   770 | D:2      | Noticed Terence
   776 | D:1      | Learned a level 2 spell: Scorch
   881 | D:2      | Noticed Jessica
   884 | D:2      | Killed Jessica
   959 | D:2      | Reached XP level 4. HP: 27/27 MP: 5/8
  1362 | D:2      | Noticed Robin
  1459 | D:2      | Killed Robin
  1874 | D:2      | Killed Terence
  1875 | D:2      | Reached XP level 5. HP: 12/31 MP: 0/9
  2063 | D:3      | Found a stormy altar of Qazlal.
  2142 | D:3      | Found an ornate altar of the Wu Jian Council.
  2326 | D:3      | Noticed Sigmund
  2336 | D:3      | Killed Sigmund
  2337 | D:3      | Reached XP level 6. HP: 36/36 MP: 2/11
  2481 | D:3      | Noticed Ijyb
  2486 | D:3      | Killed Ijyb
  2801 | D:3      | Noticed Natasha
  2805 | D:3      | Killed Natasha
  2914 | D:3      | Found an ancient bone altar of Kikubaaqudgha.
  2968 | D:3      | Noticed Natasha
  2973 | D:3      | Killed Natasha
  3064 | D:3      | Found a runed translucent door.
  3065 | D:3      | Noticed Crazy Yiuf
  3086 | D:3      | Killed Crazy Yiuf
  3370 | D:4      | Reached XP level 7. HP: 41/41 MP: 9/13
  3431 | D:4      | Noticed Edmund
  3441 | D:4      | Killed Edmund
  3442 | D:4      | Reached skill level 5 in Fire Magic
  4212 | D:5      | Entered Level 5 of the Dungeon
  4318 | D:5      | Reached skill level 5 in Spellcasting
  4318 | D:5      | Reached skill level 5 in Conjurations
  4318 | D:5      | Reached XP level 8. HP: 46/46 MP: 1/15
  4798 | D:5      | Found a shimmering altar of Xom.
  4798 | D:5      | Found a burning altar of Makhleb.
  4924 | D:5      | Noticed Grinder
  4924 | D:5      | Paralysed by Grinder for 3 turns
  4932 | D:5      | Killed Grinder
  5360 | D:5      | Found a bloodstained altar of Trog.
  5372 | D:5      | Found a hide-covered altar of Uskayaw.
  5587 | D:5      | Found a radiant altar of Vehumet.
  5909 | D:5      | Became a worshipper of Vehumet
  6464 | D:6      | Reached XP level 9. HP: 42/51 MP: 6/18
  6642 | D:6      | Found a staircase to the Ecumenical Temple.
  6683 | D:6      | Found an iron altar of Okawaru.
  6732 | D:6      | Noticed Eustachio
  6741 | D:6      | Killed Eustachio
  6924 | D:6      | Found a blossoming altar of Fedhas.
  7205 | D:7      | Reached * piety under Vehumet
  7205 | D:7      | Offered knowledge of Sandblast by Vehumet.
  7235 | D:7      | Identified the +10 trident "Ziom" {heavy, SInv Stlth+}
  7235 | D:7      | Noticed a deep elf pyromancer
  7238 | D:7      | Noticed a hornet
  7539 | D:7      | HP: 2/51 [disintegration (6)]
  7831 | D:7      | Noticed Prince Ribbit
  7835 | D:7      | Killed Prince Ribbit
  7837 | D:7      | Noticed a komodo dragon
  7846 | D:7      | Killed a komodo dragon
  8033 | D:7      | Noticed a kobold demonologist
  8037 | D:7      | Killed a kobold demonologist
  8156 | D:7      | Reached XP level 10. HP: 28/56 MP: 13/21
  8522 | D:6      | Learned a level 3 spell: Swiftness
  8527 | D:6      | Learned a level 4 spell: Flame Wave
  8579 | D:7      | Identified the +7 quarterstaff of the Pill Bug {freeze,
                  | Int+3}
  8713 | D:7      | Killed from afar by a deep elf pyromancer

Illustrated notes

Levels and vault maps discovered:
D:1:      orjb1_lava_funnel, layout_rooms, minmay_misc_feat_ornament
D:2:      layout_basic, uniq_jessica, uniq_terence, uniq_robin
D:3:      layout_basic, lemuel_zombie_altar_kikubaaqudgha,
          nicolae_overflow_crystal_walls, nicolae_wu_jian_wuxing_cycle,
          serial_forest, infiniplex_forest_lined_4_way,
          infiniplex_forest_clump_small, infiniplex_forest_straight_4,
          infiniplex_forest_3_way, infiniplex_forest_straight_4,
          infiniplex_forest_clump_medium, infiniplex_forest_lined_corner,
          uniq_ijyb, uniq_sigmund, uniq_natasha, uniq_crazy_yiuf_cottage
D:4:      layout_loops_cross, chequers_serial_rivers_large_a, uniq_edmund
D:5:      layout_loops_corners, grunt_temple_overflow_champion_of_chaos,
          amethyst_overflow_temple_binary, fiery_altar_vehumet,
          gup_sewer_entry_spiral, uniq_grinder
D:6:      layout_basic, overflow_temple_1_default, kennysheep_okawaru_gauntlet,
          temple_green, uniq_eustachio
D:7:      minmay_the_grid_square_5x5_3x3 [minmay_the_grid_square_5x5_inset,
          minmay_the_grid_square_5x5_meh, minmay_the_grid_square_5x5_minivault,
          minmay_the_grid_square_5x5_bracketed,
          minmay_the_grid_square_5x5_megaprize_crossed,
          minmay_the_grid_square_5x5_c, minmay_the_grid_square_5x5_gyroscope,
          minmay_the_grid_square_5x5_shrine2, minmay_the_grid_square_5x5_slash],
          layout_rooms, kennysheep_mini, uniq_prince_ribbit1

Skill      XL: |  1  2  3  4  5  6  7  8  9 |
---------------+----------------------------+-----
Conjurations   | 2 3 4 5 6 8 |  8.1
Spellcasting   | 3 4 5 6 7 |  7.8
Fire Magic     | 4 5 7 8 |  8.7
Dodging        | |  2.0
Stealth        | |  2.6
Air Magic      | |  0.5

Action                     |  1- 3 |  4- 6 |  7- 9 | 10-12 || total
---------------------------+-------+-------+-------+-------++-------
  Melee: Unarmed           |       |     7 |     2 |       ||     9
         Tentacles         |       |     4 |     2 |       ||     6
         Constrict         |       |     1 |     1 |       ||     2
   Cast: Foxfire           |    41 |    77 |   126 |     5 ||   249
         Scorch            |     3 |    26 |    81 |     8 ||   118
    Use: Scroll            |     1 |       |     4 |       ||     5
         Potion            |       |     1 |       |       ||     1
 Armour: Skin              |     5 |    11 |    40 |     5 ||    61
  Dodge: Dodged            |     4 |     9 |    29 |     1 ||    43

Table legend: (Time is in decaauts)
 A = Elapsed time spent in this place.
 B = Non-inter-level travel time spent in this place.
 C = Inter-level travel time spent in this place.
 D = Time resting spent in this place.
 E = Time spent auto-exploring this place.
 F = Levels seen in this place.
 G = Mean time per level.
                   A        B        C        D        E       F      G
               +--------+--------+--------+--------+--------+-----+--------+
         Total |   8716 |   8488 |    228 |    701 |   6586 |   7 | 1245.1 |
       Dungeon |   8716 |   8488 |    228 |    701 |   6586 |   7 | 1245.1 |
               +--------+--------+--------+--------+--------+-----+--------+

Top non-repeatable levels by time:
     D:5: 1919 daAuts
     D:6: 1628 daAuts
     D:2: 1235 daAuts
     D:3: 1120 daAuts
     D:4: 1059 daAuts
     D:7: 957 daAuts
     D:1: 795 daAuts
